 Dungeon Crawl Stone Soup version 0.28.0-47-ge53b351184 (webtiles) character file.

Game seed: 2587239141214015206

441 Kangaroobicon the Chopper (level 6, -5/51 HPs)
             Began as a Palentonga Fighter on May 2, 2022.
             Slain by an ogre
             ... wielding a +0 giant spiked club
              (15 damage)
             ... on level 4 of the Dungeon.
             The game lasted 00:20:39 (2320 turns).

Kangaroobicon the Chopper (Palentonga Fighter)      Turns: 2320, Time: 00:20:40

Health: -5/51      AC:  6    Str: 19    XL:     6   Next: 70%
Magic:  6/6        EV:  8    Int:  8    God:
Gold:   139        SH:  4    Dex: 12    Spells: 5/5 levels left

rFire   . . .      SeeInvis +   a - +0 war axe
rCold   . . .      Faith    .   c - +0 buckler
rNeg    . . .      Spirit   .   l - +0 ring mail
rPois   .          Reflect  .   (no helmet)
rElec   .          Harm     .   (no cloak)
rCorr   .          Rampage  .   (no gloves)
Will    +....                   (no barding)
Stlth   +.........              (no amulet)
HPRegen 0.17/turn               f - ring of willpower
MPRegen 0.10/turn               (no ring)

@: no status effects
A: large, rugged brown scales 3, see invisible, deformed body, roll 1, armoured
tail
a: Rolling Charge


You were on level 4 of the Dungeon.
You visited 1 branch of the dungeon, and saw 4 of its levels.

You collected 139 gold pieces.

Inventory:

Hand Weapons
 a - a +0 war axe (weapon)
 o - a +0 dagger of freezing
Missiles
 j - 11 arrows
 q - 115 stones
 u - 2 silver boomerangs (quivered)
 v - 20 bolts
Armour
 c - a +0 buckler (worn)
 l - a +0 ring mail (worn)
Jewellery
 f - a ring of willpower (left hand)
 n - a ring of wizardry
Wands
 t - a wand of charming (12)
Scrolls
 e - a scroll of identify {unknown}
 g - a scroll of vulnerability {unknown}
 i - a scroll of fog
 k - 2 scrolls of immolation
 m - a scroll of fear {unknown}
 w - a scroll of enchant weapon {unknown}
 x - a scroll of summoning {unknown}
Potions
 b - a potion of degeneration {unknown}
 d - a potion of might
 h - a potion of attraction {unknown}
 p - 2 potions of lignification
 r - 2 potions of curing
 s - a potion of flight {unknown}
 z - a potion of heal wounds {unknown}


   Skills:
 + Level 3.7 Fighting
 + Level 5.4 Axes
 + Level 0.3 Throwing
 + Level 3.4 Armour
 + Level 0.9 Dodging
 - Level 0.2 Stealth
 + Level 2.9 Shields


You had 5 spell levels left.
You didn't know any spells.
Your spell library contained the following spells:

 Spells                   Type           Power      Damage    Failure   Level
 Dazzling Flash           Conj/Hex       0%         N/A       95%         3
 Agony                    Necr           0%         N/A       100%        5
 Silence                  Hex/Air        0%         N/A       100%        5


Dungeon Overview and Level Annotations

Branches:
Dungeon (4/15)
 Temple: D:4-7

Altars:


Innate Abilities, Weirdness & Mutations

You are completely covered in rugged brown scales. (AC +3, +7% HP)
You have supernaturally acute eyesight. (SInv)
Armour fits poorly on your strangely shaped body.
You can roll at nearby foes to attack.
You have a long armoured tail.


Message History

You barely miss the howler monkey. You tail-slap the howler monkey!
The howler monkey is heavily wounded.
The howler monkey hoots and howls with incredible vigour!
The howler monkey hits you.
You hear a shout! x3
You slash the howler monkey!
You kill the howler monkey!
You hear the slow hiss of a very distant avalanche of sand.
Things that are here:
a +0 spear; a gnoll corpse An ogre comes into view.
It is wielding a +0 giant spiked club.
Found 23 bolts.
The ogre moves out of view.
A quokka skeleton comes into view.
Found a book of Displacement.
The gnoll shouts!
You see here a green potion.
z - a green potion You block the gnoll's attack.
You block the quokka skeleton's attack.
You hit the gnoll but do no damage. You slash the quokka skeleton!
You destroy the quokka skeleton!
The gnoll hits you with a +0 club. You block the gnoll's attack.
You hit the gnoll. You tail-slap the gnoll!
The gnoll is almost dead.
The gnoll hits you but does no damage.
You hit the gnoll but do no damage.
The gnoll is almost dead.
The gnoll hits you with a +0 club.
You hit the gnoll.
You kill the gnoll!
You hit the ogre.
The ogre hits you with a +0 giant spiked club!!
Ouch! That really hurt!
* * * LOW HITPOINT WARNING * * *
You barely miss the ogre.
Your tail-slap misses the ogre.
The ogre is moderately wounded.
The ogre barely misses you.
You hit the ogre but do no damage.
The ogre is moderately wounded.
The ogre hits you with a +0 giant spiked club!
You die...

...####. #.#..
g..g.... #.#.###
g#####. #.....# #g
##.....## #.
....:..## #.
##.......###. ##g
#.....(......#####..
#..@)...............
#..O.......####.###.
##.......#.# #.# ##
##......#.# #g#
##.......# #.#
##...#### #.#
#...#######.#
#...).).....#
#....########


You could see an ogre.

Vanquished Creatures
  An ogre (D:3)
  A phantom (D:3)
  A howler monkey (D:4)
  Jessica (D:3)
  Natasha (thrice) (D:2)
  3 gnolls (D:4)
  3 adders (D:2)
  An adder skeleton (D:4)
  2 dart slugs (D:1)
  A worm (D:2)
  7 orcs
  13 ball pythons
  8 bats
  7 endoplasms
  2 giant cockroaches
  6 goblins
  5 hobgoblins
  4 jackals (D:1)
  A quokka (D:1)
  4 frilled lizards
  8 kobolds
  A quokka skeleton (D:4)
  3 rats (D:2)
86 creatures vanquished.

Notes
Turn   | Place    | Note
-------+----------+-------------------------------------------
     0 | D:1      | Kangaroobicon the Palentonga Fighter began the quest for
                  | the Orb.
     0 | D:1      | Reached XP level 1. HP: 19/19 MP: 1/1
   155 | D:1      | Reached XP level 2. HP: 23/25 MP: 2/2
   373 | D:1      | Found a faded altar of an unknown god.
   528 | D:1      | Reached XP level 3. HP: 31/31 MP: 3/3
  1024 | D:2      | Noticed Natasha
  1027 | D:2      | Killed Natasha
  1028 | D:2      | Reached skill level 3 in Axes
  1028 | D:2      | Reached XP level 4. HP: 25/37 MP: 4/4
  1156 | D:2      | Noticed Natasha
  1180 | D:2      | Killed Natasha
  1279 | D:2      | Noticed Natasha
  1289 | D:2      | Killed Natasha
  1290 | D:2      | Reached XP level 5. HP: 26/43 MP: 5/5
  1449 | D:2      | Reached skill level 4 in Axes
  1624 | D:3      | Noticed Jessica
  1632 | D:3      | Killed Jessica
  1923 | D:3      | Noticed an ogre
  1929 | D:3      | Killed an ogre
  1930 | D:3      | Reached XP level 6. HP: 42/50 MP: 6/6
  1994 | D:3      | Reached skill level 5 in Axes
  2320 | D:4      | Slain by an ogre

Illustrated notes

Levels and vault maps discovered:
D:1:      sevenhm_arrival_forest_fort_large_4, layout_basic,
          hellmonk_ecumenical_altar_run_dry
D:2:      layout_rooms, minmay_mini_jars, uniq_natasha
D:3:      layout_rooms, guppyfry_early_orc_mine, uniq_jessica
D:4:      layout_loops_ring, nicolae_tso_swordbearing_angel,
          nicolae_ossuary_entry_ruins, uniq_edmund

Skill      XL: |  1  2  3  4  5  6 |
---------------+-------------------+-----
Axes           | 3 4 5 |  5.4
Armour         | 3 |  3.4
Fighting       | |  3.7
Throwing       | |  0.3
Dodging        | |  0.9
Stealth        | |  0.2
Shields        | |  2.9

Action                   |  1- 3 |  4- 6 || total
-------------------------+-------+-------++-------
Melee: War axe           |    59 |   139 ||   198
       Tailslap          |     6 |    17 ||    23
Throw: Boomerang         |       |     8 ||     8
 Abil: Rolling Charge    |     3 |     3 ||     6
  Use: Scroll            |       |     2 ||     2
       Potion            |       |     2 ||     2
Armor: Scale mail        |    25 |    37 ||    62
       Ring mail         |       |    17 ||    17
Dodge: Dodged            |    20 |    55 ||    75
Block: Buckler           |    14 |    37 ||    51
